 Dungeon Crawl Stone Soup version 0.27-a0-96-gb51a1d6fd6 (webtiles) character file.

Game seed: 14684159709666914625

12 lunkers the Firebug (level 2, 0/22 HPs)
             Began as a Naga Fire Elementalist on Jan 19, 2021.
             Slain by a goblin (4 damage)
             ... on level 1 of the Dungeon.
             The game lasted 00:01:19 (615 turns).

lunkers the Firebug (Naga Fire Elementalist)         Turns: 615, Time: 00:01:19

Health: 0/22       AC:  0    Str: 10    XL:     2   Next: 33%
Magic:  0/5        EV:  9    Int: 15    God:
Gold:   0          SH:  0    Dex: 11    Spells: 4/5 levels left

rFire    . . .     SeeInvis +   (no weapon)
rCold    . . .     Faith    .   (no shield)
rNeg     . . .     Spirit   .   b - -2 leather armour (curse)
rPois    +         Reflect  .   (no helmet)
rElec    .         Harm     .   (no cloak)
rCorr    .         Rampage  .   (no gloves)
Will     .....                  (no barding)
Stlth    ++........             (no amulet)
HPRegen  0.07/turn              (no ring)
MPRegen  0.09/turn              (no ring)

@: very slow
A: large, see invisible, deformed body, poison resistance, slowness 2, spit
poison 1, AC +0
a: Spit Poison


You were on level 1 of the Dungeon.
You visited 1 branch of the dungeon, and saw 1 of its levels.

Inventory:

Armour
 a - a +0 robe
 b - a cursed -2 leather armour (worn)
Scrolls
 c - a scroll of remove curse {unknown}
 d - 2 scrolls of fear {unknown}
Potions
 e - a potion of curing {unknown}


   Skills:
 - Level 1.5 Dodging
 - Level 3.0 Stealth
 + Level 2.1 Spellcasting
 * Level 1.5 Conjurations
 * Level 3.3 Fire Magic


You had 4 spell levels left.
You knew the following spells:

 Your Spells              Type           Power        Failure   Level
a - Foxfire               Conj/Fire      32%          11%         1

Your spell library contained the following spells:

 Spells                   Type           Power        Failure   Level
 Conjure Flame            Conj/Fire      8%           32%         3
 Inner Flame              Hex/Fire       6%           41%         3
 Sticky Flame             Conj/Fire      8%           73%         4
 Fireball                 Conj/Fire      4%           97%         5


Dungeon Overview and Level Annotations

Branches:
Dungeon (1/15)

Altars:


Innate Abilities, Weirdness & Mutations

You cannot wear boots.
Your serpentine skin is tough. (AC +0)
You have supernaturally acute eyesight. (SInv)
Armour fits poorly on your strangely shaped body.
Your system is resistant to poisons. (rPois)
You cover ground very slowly.
You can spit poison.


Message History

The foxfire hits the bat.
The bat is severely wounded.
The foxfire hits the bat but does no damage.
The bat is severely wounded.
The bat closely misses you. The bat barely misses you.
Press: ? - help, Shift-Dir - straight line, f - bat
Aim: a bat (heavily wounded)
The splash of poison hits the bat!
The bat is poisoned.
You kill the bat!
Unknown command.
Unknown command.
The goblin closely misses you.
Your magical contamination has completely faded away.
You have got your breath back.
Casting: Foxfire (safe; 11% risk of failure)
Confirm with . or Enter, or press ? or * to list all spells.
You conjure some foxfire!
* * * LOW MAGIC WARNING * * *
The goblin hits you.
You die...

#.# #####.# .. #.#
#...bg# ... #.#
#.########.. ...
#.###)##...†.... ...#
#.....†..#####..
....######.....####
....
#......†.###.####....#
.###...###.# #.gv....#
......####.#####@..###
.####...#.......v###
############
#............#
#.......[...
#.....#.#........#
#........[..
#.#####........÷.#
#......<....
#.......>..##
#...........
#>####..##..##
#........... #.#
#...##..# ######.#.###
..# ##.#.....## #...#


You could see a goblin.

Vanquished Creatures
  3 bats (D:1)
  2 giant cockroaches (D:1)
  2 goblins (D:1)
  A hobgoblin (D:1)
  2 frilled lizards (D:1)
  A kobold (D:1)
  A rat (D:1)
12 creatures vanquished.

Vanquished Creatures (others)
  39 foxfires (D:1)
39 creatures vanquished.

Grand Total: 51 creatures vanquished

Notes
Turn   | Place    | Note
-------+----------+-------------------------------------------
     0 | D:1      | lunkers the Naga Fire Elementalist began the quest for the
                  | Orb.
     0 | D:1      | Reached XP level 1. HP: 15/15 MP: 3/3
   479 | D:1      | Reached XP level 2. HP: 22/22 MP: 0/5
   615 | D:1      | Slain by a goblin

Illustrated notes

Levels and vault maps discovered:
D:1:      lemuel_arrival_hallway, layout_rooms

Action                   || total
-------------------------++-------
 Cast: Foxfire           ||    24
 Abil: Spit Poison       ||     3
Dodge: Dodged            ||     9

Table legend: (Time is in decaauts)
 A = Elapsed time spent in this place.
 B = Non-inter-level travel time spent in this place.
 C = Inter-level travel time spent in this place.
 D = Time resting spent in this place.
 E = Time spent auto-exploring this place.
 F = Levels seen in this place.
 G = Mean time per level.
                   A        B        C        D        E       F      G
               +--------+--------+--------+--------+--------+-----+--------+
         Total |    671 |    671 |      0 |      0 |    558 |   1 |  671.0 |
       Dungeon |    671 |    671 |      0 |      0 |    558 |   1 |  671.0 |
               +--------+--------+--------+--------+--------+-----+--------+

Top non-repeatable levels by time:
     D:1: 671 daAuts
